 Dungeon Crawl Stone Soup version 0.20.0-15-g7f486f2 (webtiles) character file.

1614 NoNouf the Protected (level 8, -6/46 HPs)
             Began as a Gargoyle Fighter on May 28, 2017.
             Was a Follower of Ashenzari.
             Mangled by an orc warrior
             ... wielding a +0 glaive
              (8 damage)
             ... on level 6 of the Dungeon on June 14, 2017.
             The game lasted 00:59:24 (8766 turns).

NoNouf the Protected (Gargoyle Fighter)             Turns: 8766, Time: 00:59:24

Health: -6/46      AC: 19    Str: 21    XL:     8   Next: 95%
Magic:  8/8        EV:  7    Int:  8    God:    Ashenzari [*.....]
Gold:   224        SH:  9    Dex: 11    Spells: 7/7 levels left

rFire    . . .     SeeInvis .   z - +1 flail (crush) (curse)
rCold    . . .     Gourm    .   c - +0 shield
rNeg     + . .     Faith    .   b - +2 scale mail
rPois    ∞         Spirit   .   C - +2 helmet (curse)
rElec    +         Reflect  .   (no cloak)
rCorr    .         Harm     +   (no gloves)
MR       .....                  (no boots)
Stlth    ..........             d - amulet of harm
Regen    0.2/turn               (no ring)
MPRegen  0.2/turn               (no ring)

@: no status effects
A: negative energy resistance 1, electricity resistance, unbreathing,
petrification resistance, rot immunity, AC +5
a: Curse Item, Scrying, Renounce Religion


You were on level 6 of the Dungeon.
You worshipped Ashenzari.
Ashenzari was aware of your devotion.
You were not hungry.

You visited 1 branch of the dungeon, and saw 7 of its levels.

You collected 344 gold pieces.
You spent 120 gold pieces at shops.

Inventory:

Hand Weapons
 a - a +0 flail
 l - a +0 mace
 p - a +2 mace of protection
 z - a cursed +1 flail of crushing (weapon)
 A - a +0 hand axe
Armour
 b - a +2 scale mail (worn)
 c - a +0 shield (worn)
 q - a +0 helmet
 C - a cursed +2 helmet (worn)
Jewellery
 d - an amulet of harm (around neck)
 r - a cursed ring of teleportation
 s - an uncursed amulet of the gourmand
 x - a cursed ring of teleportation
 y - an uncursed ring of poison resistance
Wands
 e - a wand of scattershot (2/9)
 w - a wand of flame (23/48)
Scrolls
 h - a scroll of teleportation
 i - 4 scrolls of identify
 k - a scroll of blinking {unknown}
Potions
 j - 2 potions of cancellation
 n - a potion of haste
 o - a potion of lignification {unknown}
 u - 2 potions of mutation
 v - a potion of heal wounds {unknown}
Comestibles
 f - a bread ration
 m - 3 meat rations
 t - 11 fruits


   Skills:
 - Level 3.5 Fighting
 + Level 7.8 Maces & Flails
 - Level 9.0 Armour
 - Level 4.0 Shields


You had 7 spell levels left.
You didn't know any spells.

Dungeon Overview and Level Annotations

Branches:
Dungeon (7/15)             Temple (0/1) D:7

Altars:
Ashenzari
Dithmenos
Kikubaaqudgha
Nemelex Xobeh
Uskayaw
Vehumet
Zin

Shops:
D:5 %   D:6 }*[[

Annotations:
D:3 anfisbena's ghost, amateur HOFi


Innate Abilities, Weirdness & Mutations

You are resistant to torment.
Your stone body is resilient. (AC +5)
You are immune to poison.
You resist negative energy. (rN+)
You are resistant to electric shocks. (rElec)
You can survive without breathing.
You are immune to petrification.
You are immune to rotting.


Message History

You hit the orc warrior but do no damage.
The orc warrior is lightly wounded.
You block the orc warrior's attack.
You hit the orc warrior but do no damage.
The orc warrior is lightly wounded.
You closely miss the orc warrior.
The orc warrior is lightly wounded.
The orc warrior hits you with a glaive.
You hit the orc warrior.
The orc warrior is heavily wounded.
You block the orc warrior's attack.
You hit the orc warrior.
The orc warrior is severely wounded.
The orc warrior hits you with a glaive!
You hit the orc warrior.
The orc warrior is severely wounded.
The orc warrior hits you with a glaive!
* * * LOW HITPOINT WARNING * * *
The orc warrior hits you from afar with a glaive!
You die...

.##....###...##..............###.
.###..## ##......................
## ##.## ##.....................
# #..# ##..................... #
##.####.###.................. #
#..##.## ##...............#.
######..#..# #o#............###
##..##....## #>##...........# #
...........### #@##...#.......# #
.........#...###.#####.###....###
.........###......###.## ##......
.........##.....#....## #......
.........#....####...# ##.....
.............## #...# ##.....
.............# #...# ##......
.............# ##...#####..##...
.............####.....##...####..


You could see an orc warrior.

Vanquished Creatures
  Prince Ribbit (D:5)
  Edmund (D:5)
  An orc warrior (D:7)
  2 ogres
  A bullfrog (D:6)
  A scorpion (D:3)
  2 howler monkeys
  4 crimson imps
  3 hounds
  2 jellies
  5 orc wizards
  An iguana (D:5)
  4 worker ants
  A howler monkey zombie (D:6)
  Robin (D:3)
  9 gnolls
  4 adders
  A howler monkey skeleton (D:5)
  2 shadow imps
  A worm (D:5)
  5 dart slugs (D:1)
  7 leopard geckos
  21 orcs
  8 bats
  5 giant cockroaches
  16 goblins
  8 hobgoblins
  2 jackals (D:4)
  7 kobolds
  3 quokkas
  3 frilled lizards
  A jackal skeleton (D:4)
  2 leopard gecko skeletons (D:4)
  3 rats
138 creatures vanquished.

Notes
Turn   | Place    | Note
-------+----------+-------------------------------------------
     0 | D:1      | NoNouf the Gargoyle Fighter began the quest for the Orb.
     0 | D:1      | Reached XP level 1. HP: 14/14 MP: 1/1
   102 | D:1      | Reached XP level 2. HP: 19/19 MP: 2/2
   296 | D:1      | Reached XP level 3. HP: 18/23 MP: 3/3
   760 | D:2      | Found a shadowy altar of Dithmenos.
   865 | D:2      | Found a shattered altar of Ashenzari.
   879 | D:2      | Became a worshipper of Ashenzari the Shackled
  1131 | D:2      | Reached XP level 4. HP: 28/28 MP: 4/4
  1475 | D:3      | Noticed Robin
  1478 | D:3      | Noticed anfisbena's ghost (amateur HOFi)
  1588 | D:2      | Reached skill level 4 in Armour
  1929 | D:3      | Reached XP level 5. HP: 22/32 MP: 5/5
  2549 | D:3      | Killed Robin
  3046 | D:3      | Reached skill level 5 in Armour
  3046 | D:3      | Reached XP level 6. HP: 37/37 MP: 6/6
  3245 | D:5      | Entered Level 5 of the Dungeon
  3788 | D:4      | Found an ancient bone altar of Kikubaaqudgha.
  3852 | D:4      | Found a glowing silver altar of Zin.
  3853 | D:4      | Noticed an angel
  4222 | D:4      | Reached skill level 5 in Maces & Flails
  4222 | D:4      | Reached XP level 7. HP: 24/41 MP: 7/7
  4413 | D:3      | Found a radiant altar of Vehumet.
  4438 | D:4      | Reached skill level 6 in Armour
  4652 | D:4      | Found a sparkling altar of Nemelex Xobeh.
  4747 | D:5      | Found Cenaitoo's Food Shoppe.
  4760 | D:5      | Reached * piety under Ashenzari
  5003 | D:5      | Noticed Edmund
  5505 | D:5      | Killed Edmund
  5505 | D:5      | Reached skill level 7 in Armour
  5887 | D:5      | Noticed Prince Ribbit
  5930 | D:5      | Killed Prince Ribbit
  5930 | D:5      | Reached XP level 8. HP: 34/46 MP: 8/8
  5938 | D:5      | Found a hide-covered altar of Uskayaw.
  6346 | D:6      | Reached skill level 8 in Armour
  6493 | D:6      | Found Jallecener's Antique Armour Shoppe.
  6580 | D:6      | Found Idwol's Gadget Shop.
  6801 | D:6      | Found Lenegara's Antique Armour Shop.
  6814 | D:6      | Bought a runed helmet for 120 gold pieces
  7237 | D:6      | Found Faobuk's General Store.
  7842 | D:7      | Found a staircase to the Ecumenical Temple.
  7997 | D:7      | Reached skill level 9 in Armour
  8426 | D:6      | Upgraded the game from 0.20.0-6-gd3061e9 to 0.20.0-15-g7f486f2
  8437 | D:6      | HP: 2/46 [orc warrior/glaive (12)]
  8765 | D:6      | HP: 2/46 [orc warrior/glaive (14)]
  8766 | D:6      | Mangled by an orc warrior

Skill      XL: |  1  2  3  4  5  6  7  8 |
---------------+-------------------------+-----
Shields        | 4 |  4.0
Maces & Flails | 3 4 5 6 7 |  7.8
Armour         | 4 5 7 9 |  9.0
Fighting       | |  3.5

Action                   |  1- 3 |  4- 6 |  7- 9 || total
-------------------------+-------+-------+-------++-------
Melee: Flail             |    75 |   160 |   325 ||   560
       Mace              |    34 |       |       ||    34
Invok: Curse Item        |     1 |       |     2 ||     3
Evoke: Wand              |       |       |     1 ||     1
  Use: Potion            |     1 |       |     3 ||     4
       Scroll            |       |       |     9 ||     9
  Eat: Chunk             |       |     9 |     9 ||    18
       Royal jelly       |       |     1 |     2 ||     3
       Bread ration      |       |       |     1 ||     1
Armor: Scale mail        |    51 |    63 |   123 ||   237
Dodge: Dodged            |    34 |    40 |    77 ||   151
Block: Shield            |    57 |    84 |   117 ||   258
